 Dungeon Crawl Stone Soup version 0.31-a0-202-g547052bce9 (webtiles) character file.

Game seed: 4339737420551585873

126 qw the Skirmisher (level 4, 0/25 HPs)
             Began as a Deep Elf Hunter on June 26, 2023.
             Slain by an orc
             ... wielding a +0 club
              (3 damage)
             ... on level 3 of the Dungeon.
             The game lasted 00:00:37 (1838 turns).

qw the Skirmisher (Deep Elf Hunter)                 Turns: 1838, Time: 00:00:38

Health: 0/25       AC:  5    Str: 10    XL:     4   Next: 83%
Magic:  6/6        EV: 11    Int: 14    God:
Gold:   58         SH:  5    Dex: 18    Spells: 3/3 levels left

rFire   . . .        Y - +0 shortbow
rCold   . . .        (shield currently unavailable)
rNeg    . . .        i - +0 ring mail
rPois   .            (no helmet)
rElec   .            (no cloak)
rCorr   .            (no gloves)
SInv    .            (no boots)
Will    .....        a - amulet of reflection
Stlth   +            (no ring)
HPRegen 0.24/turn    (no ring)
MPRegen 0.10/turn

%: reflection
@: no status effects
A: no striking features
a: no special abilities


You were on level 3 of the Dungeon.
You visited 1 branch of the dungeon, and saw 3 of its levels.

You collected 58 gold pieces.


   Skills:
 - Level 1.5 Fighting
 + Level 8.2 Ranged Weapons
 - Level 2.4 Dodging
 - Level 1.2 Stealth


You had 3 spell levels left.
You didn't know any spells.
Your spell library was empty.

Inventory:

Hand Weapons
 Y - a +0 shortbow (weapon)
Armour
 i - a +0 ring mail (worn)
Jewellery
 a - an amulet of reflection (around neck)
Potions
 b - a potion of mutation {unknown}
 c - a potion of heal wounds {unknown}
 d - a potion of brilliance {unknown}
 f - 3 potions of curing
 h - a potion of cancellation {unknown}

Dungeon Overview and Level Annotations

Branches:
Dungeon (3/15)

Altars:


Message History

The orc wizard shouts!
The orc closely misses you.
You shoot an arrow. The arrow hits the orc priest.
The orc priest is heavily wounded.
The orc priest barely misses you. You block the orc's attack.
You shoot an arrow. The arrow barely misses the orc priest.
The orc hits you with a +0 flail!
The orc priest hits you with a +0 hand axe.
The orc hits you but does no damage.
You shoot an arrow. The arrow barely misses the orc priest.
The orc priest barely misses you. The orc barely misses you.
The orc misses you.
You shoot an arrow. The arrow barely misses the orc priest.
The orc priest calls down the wrath of Beogh upon you.
You barely resist. The orc hits you but does no damage. The orc misses you.
You shoot an arrow. The arrow hits the orc priest!
The orc priest is almost dead.
You block the orc priest's attack. You block the orc's attack.
The orc closely misses you. x2
The orc priest looks encouraged for a moment.
The orc wizard closely misses you. The orc hits you with a +0 club.
You shoot an arrow.
The arrow hits the orc priest but does no damage.
The orc priest is almost dead.
The orc priest barely misses you. You block the orc's attack.
The orc hits you with a +0 flail.
The orc wizard hits you with a +0 dagger.
You shoot an arrow. The arrow hits the orc priest!
You kill the orc priest!
You block the orc wizard's attack. You block the orc's attack. x2
Your Ranged Weapons skill increases to level 8!
You shoot an arrow. The arrow hits the orc wizard.
The orc wizard is moderately wounded.
The orc barely misses you.
The orc wizard points at you and mumbles some strange words.
You resist with some effort. The orc hits you with a +0 club.
You shoot an arrow. The arrow hits the orc wizard!
The orc wizard is severely wounded.
The orc wizard hits you but does no damage.
The orc hits you with a +0 flail. The orc hits you with a +0 club.
You die...

#.......#.#
#.......#.#
#...<.....#
#.......###
#.......#
#....:..#
#.......##
#........#
#...o@o..#
#####o)..#
#....#
#)...#
.....#
.....#
......#
......+


You could see an orc wizard and 2 orcs.

Vanquished Creatures
  An orc priest (D:3)
  Terence (D:2)
  3 adders (D:2)
  A worm (D:2)
  2 dart slugs (D:1)
  An orc (D:3)
  A bat (D:1)
  2 endoplasms
  3 giant cockroaches (D:1)
  3 goblins
  4 hobgoblins
  3 jackals (D:2)
  A quokka (D:1)
  6 ball pythons
  2 frilled lizards (D:1)
  A kobold (D:2)
  2 rats (D:2)
37 creatures vanquished.

Notes
Turn   | Place    | Note
-------+----------+-------------------------------------------
     0 | D:1      | qw the Deep Elf Hunter began the quest for the Orb.
     0 | D:1      | Reached XP level 1. HP: 12/12 MP: 3/3
     0 | D:1      | 0 ||| qw: Version: 0.3-a-22-g0ed2b0b
     0 | D:1      | 0 ||| qw: Game counter: 6013
     0 | D:1      | 0 ||| qw: Melee chars always use a shield: true
     0 | D:1      | 0 ||| qw: God list: Okawaru
     0 | D:1      | 0 ||| qw: Allow faded altars: false
     0 | D:1      | 0 ||| qw: Do Orc after clearing Dungeon:15 true
     0 | D:1      | 0 ||| qw: Do second Lair branch before Depths: true
     0 | D:1      | 0 ||| qw: Lair rune preference: random
     0 | D:1      | 0 ||| qw: Goals: Normal
     0 | D:1      | 0 ||| PLANNING D:1-11
   276 | D:1      | Reached XP level 2. HP: 13/16 MP: 4/4
   302 | D:1      | Reached skill level 6 in Ranged Weapons
   773 | D:1      | 773 ||| READING scroll labelled OSITHICEUC.
   773 | D:1      | Identified a scroll of acquirement
   773 | D:1      | 773 ||| ACQUIRING amulet of reflection
   773 | D:1      | Acquired an amulet of reflection
   775 | D:1      | 775 ||| UPGRADING to amulet of reflection.
   780 | D:1      | 780 ||| READING scroll labelled PEGELO KIULIU.
   781 | D:1      | 781 ||| DRINKING 2 sedimented silvery potions.
   791 | D:1      | 791 ||| DROPPING scroll of butterflies.
   792 | D:1      | 792 ||| DROPPING potion of ambrosia.
   969 | D:2      | Reached XP level 3. HP: 20/20 MP: 5/5
  1139 | D:2      | Reached skill level 7 in Ranged Weapons
  1302 | D:2      | Noticed Terence
  1313 | D:2      | Killed Terence
  1314 | D:2      | Reached XP level 4. HP: 22/25 MP: 6/6
  1574 | D:2      | Found a faded altar of an unknown god.
  1774 | D:2      | 1774 ||| UPGRADING to +0 scale mail.
  1784 | D:2      | 1784 ||| DROPPING +0 leather armour.
  1785 | D:2      | 1785 ||| UPGRADING to +0 ring mail.
  1795 | D:2      | 1795 ||| DROPPING +0 scale mail.
  1796 | D:2      | 1796 ||| READING scroll labelled IDGHEIT BACWUHA.
  1797 | D:2      | 1797 ||| DRINKING 4 bubbling black potions.
  1835 | D:3      | HP: 5/25 [orc wizard/+0 dagger (3)]
  1837 | D:3      | Reached skill level 8 in Ranged Weapons
  1838 | D:3      | Slain by an orc

Levels and vault maps discovered:
D:1:      minmay_arrival_up_and_down, layout_basic
D:2:      layout_loops_corners, hellmonk_ecumenical_altar_prayer_group,
          uniq_terence
D:3:      layout_basic, gammafunk_ghost_abyssal_escape,
          chequers_serial_rivers_room_b

Skill      XL: |  1  2  3  4 |
---------------+-------------+-----
Ranged Weapons | 6 7 8 |  8.2
Fighting       | |  1.5
Dodging        | |  2.4
Stealth        | |  1.2

Action                     |  1- 3 |  4- 6 || total
---------------------------+-------+-------++-------
   Fire: Shortbow          |    98 |    44 ||   142
    Use: Scroll            |     2 |     1 ||     3
         Potion            |     1 |     1 ||     2
 Armour: Leather armour    |     8 |     3 ||    11
         Ring mail         |       |     3 ||     3
  Dodge: Dodged            |    18 |    20 ||    38
  Block: Other             |     7 |    12 ||    19

Table legend:
 A = Non-vault XP
 B = Vault XP
 C = Vault XP percentage of total XP
 D = Non-vault monster count
 E = Vault monster count
 F = Vault count percentage of total count
                 A         B        C        D         E       F
            +---------+---------+-------+---------+---------+-------
      Total |     143 |      37 |  20.6 |      35 |       2 |   5.4
            +---------+---------+-------+---------+---------+-------
        D:1 |      31 |       0 |   0.0 |      15 |       0 |   0.0
        D:2 |      66 |      37 |  35.9 |      17 |       2 |  10.5
        D:3 |      46 |       0 |   0.0 |       3 |       0 |   0.0
            +---------+---------+-------+---------+---------+-------
